 Dungeon Crawl Stone Soup version 0.19.5 (webtiles) character file.

823 Peloso the Slasher (level 7, -2/61 HPs)
             Began as a Minotaur Fighter on May 6, 2017.
             Was an Initiate of Okawaru.
             Slain by an iguana (4 damage)
             ... on level 5 of the Dungeon.
             The game lasted 00:09:28 (3231 turns).

Peloso the Slasher (Minotaur Fighter)               Turns: 3231, Time: 00:09:28

Health: -2/61      AC: 12    Str: 18 (21) XL:     7   Next: 63%
Magic:  6/6        EV:  5    Int:  4 (5)  God:    Okawaru [......]
Gold:   150        SH:  9    Dex: 10 (11) Spells: 0 memorised, 6 levels left

rFire  . . .     SeeInvis .     a - +0 long sword
rCold  . . .     Gourm    +     d - +0 plate armour
rNeg   . . .     Faith    .     c - +0 shield
rPois  .         Spirit   .     (helmet restricted)
rElec  .         Reflect  .     (no cloak)
rCorr  .         Harm     .     (no gloves)
MR     .....                    (no boots)
Stlth  ..........               v - amulet of the gourmand
                                t - +1 ring of evasion
                                g - ring of loudness (curse)

@: exhausted, slowed, very slow
A: retaliatory headbutt, horns 2
a: Renounce Religion


You were on level 5 of the Dungeon.
You worshipped Okawaru.
Okawaru was noncommittal.
You were very full.

You visited 2 branches of the dungeon, and saw 6 of its levels.

You collected 150 gold pieces.

Inventory:

Hand Weapons
 a - a +0 long sword (weapon)
Armour
 b - a +0 scale mail
 c - a +0 shield (worn)
 d - a +0 plate armour (worn)
Jewellery
 g - a cursed ring of loudness (left hand)
 p - an uncursed ring of protection from cold
 t - a +1 ring of evasion (right hand)
 v - an amulet of the gourmand (around neck)
Wands
 r - a wand of slowing (28/48)
Scrolls
 e - 4 scrolls of remove curse {unknown}
 h - 5 scrolls of identify {unknown}
 i - 5 scrolls of recharging {unknown}
 k - a scroll of amnesia {unknown}
 l - a scroll of fear {unknown}
 o - a scroll of fog {unknown}
 u - a scroll of blinking {unknown}
 x - 2 scrolls of teleportation {unknown}
 y - a scroll of noise {unknown}
 z - a scroll of immolation {unknown}
 A - a scroll of enchant weapon {unknown}
Potions
 n - a potion of degeneration
 w - a potion of lignification
Comestibles
 f - 3 bread rations
 s - 3 meat rations


   Skills:
 + Level 5.0 Fighting
 + Level 7.5 Long Blades
 + Level 6.0 Armour
 + Level 1.3 Dodging
 + Level 0.6 Stealth
 + Level 5.0 Shields


You had 6 spell levels left.
You didn't know any spells.

Dungeon Overview and Level Annotations

Branches:
Dungeon (5/15)             Temple (1/1) D:4

Altars:
Cheibriados
Dithmenos
Elyvilon
Hepliaklqana
Kikubaaqudgha
Makhleb
Nemelex Xobeh
Okawaru
Sif Muna
Trog
Uskayaw
Xom
Yredelemnul
Zin
The Shining One


Innate Abilities, Weirdness & Mutations

You reflexively headbutt those who attack you in melee.
You have a pair of horns on your head.


Message History

The crimson imp blinks!
Unknown command.
You slash the leopard gecko!
You kill the leopard gecko!
Okawaru accepts your kill.
The iguana bites you but does no damage.
Unknown command.
You hit the iguana but do no damage.
The crimson imp blinks!
The iguana bites you.
* * * LOW HITPOINT WARNING * * *
Unknown command.
You hit the iguana but do no damage. The iguana closely misses you.
You riposte.
You hit the iguana. You headbutt the iguana.
The iguana is lightly wounded.
The iguana bites you.
* * * LOW HITPOINT WARNING * * *
You slash the iguana!
The iguana is almost dead.
The iguana bites you.
You die...

.............#.>.##.......#.#
............##..########...#
...........##..## #.........
...........##...## #.........
....#......###...####.........
...##.....# #.a...##.........
##...####.......#########
#....>##.##.... #....@l5..(###
#..#######...... ...### ..#
..# .# .#


You could see an iguana and a crimson imp.

Vanquished Creatures
  An orc warrior (D:4)
  Blork the orc (D:5)
  A bullfrog (D:3)
  2 orc priests
  3 hounds
  2 bullfrog skeletons (D:5)
  Jessica (D:2)
  An iguana (D:4)
  5 worker ants
  A hound zombie (D:5)
  A hound skeleton (D:5)
  A worker ant zombie (D:5)
  A howler monkey skeleton (D:4)
  7 adders
  An ooze (D:1)
  2 worms
  2 dart slugs (D:1)
  8 leopard geckos
  19 orcs
  3 giant cockroaches
  10 goblins
  3 hobgoblins
  2 jackals (D:4)
  4 kobolds
  8 bats
  4 frilled lizards
  10 rats
104 creatures vanquished.

Notes
Turn   | Place    | Note
-------+----------+-------------------------------------------
     0 | D:1      | Peloso the Minotaur Fighter began the quest for the Orb.
     0 | D:1      | Reached XP level 1. HP: 19/19 MP: 0/0
   110 | D:1      | Reached XP level 2. HP: 22/27 MP: 1/1
   644 | D:1      | Reached XP level 3. HP: 27/33 MP: 2/2
   979 | D:1      | Reached skill level 3 in Long Blades
  1127 | D:2      | Noticed Jessica
  1133 | D:2      | Killed Jessica
  1133 | D:2      | Reached XP level 4. HP: 35/40 MP: 3/3
  1162 | D:2      | Reached skill level 4 in Long Blades
  1500 | D:3      | Noticed a bullfrog
  1517 | D:3      | Killed a bullfrog
  1517 | D:3      | Reached XP level 5. HP: 29/47 MP: 4/4
  1587 | D:3      | Reached skill level 5 in Long Blades
  1675 | D:3      | Found a sparkling altar of Nemelex Xobeh.
  1705 | D:3      | Found a glowing silver altar of Zin.
  1849 | D:3      | Reached skill level 1 in Dodging
  1858 | D:3      | Reached XP level 6. HP: 34/53 MP: 5/5
  2121 | D:4      | Reached skill level 5 in Armour
  2195 | D:4      | Noticed an orc warrior
  2196 | D:4      | Found a snail-covered altar of Cheibriados.
  2210 | D:4      | Killed an orc warrior
  2210 | D:4      | Reached skill level 6 in Long Blades
  2506 | D:4      | Found a staircase to the Ecumenical Temple.
  2544 | Temple   | Entered the Ecumenical Temple
  2551 | Temple   | Became a worshipper of Warmaster Okawaru
  2634 | D:4      | Found a glowing golden altar of the Shining One.
  2789 | D:4      | Reached XP level 7. HP: 45/60 MP: 6/6
  3098 | D:5      | Entered Level 5 of the Dungeon
  3146 | D:5      | Reached skill level 7 in Long Blades
  3156 | D:5      | Reached skill level 5 in Fighting
  3163 | D:5      | Noticed Blork the orc
  3191 | D:5      | Reached skill level 5 in Shields
  3200 | D:5      | HP: 3/61 [poisoned by a worker ant]
  3200 | D:5      | HP: 1/61 [something (2)]
  3210 | D:5      | HP: 4/136 [something/puff of frost (8)]
  3211 | D:5      | Killed Blork the orc
  3230 | D:5      | HP: 2/61 [iguana (2)]
  3231 | D:5      | Slain by an iguana

Skill      XL: |  1  2  3  4  5  6  7 |
---------------+----------------------+-----
Fighting       | 4 5 |  5.0
Shields        | 4 5 |  5.0
Armour         | 4 5 6 |  6.0
Long Blades    | 3 4 5 6 7 |  7.5
Dodging        | 1 |  1.3
Stealth        | |  0.6

Action                   |  1- 3 |  4- 6 |  7- 9 || total
-------------------------+-------+-------+-------++-------
Melee: Long sword        |    80 |   152 |    88 ||   320
       Headbutt          |     8 |    19 |    13 ||    40
  Use: Potion            |       |     1 |     5 ||     6
  Eat: Chunk             |     1 |    22 |       ||    23
Armor: Scale mail        |    37 |    25 |       ||    62
       Plate armour      |       |    30 |    39 ||    69
       Skin              |       |       |     9 ||     9
Dodge: Dodged            |    15 |    44 |    18 ||    77
Block: Shield            |    34 |    72 |    38 ||   144
       Rpst.: Long sword |     6 |    10 |    11 ||    27
